 Dungeon Sprint DCSS version 0.17.0-15-g6d90897 (webtiles) character file.

0 hexophile the Ruffian (level 1, -10/19 HPs)
             Began as a Ghoul Monk on Nov 10, 2015.
             Killed by an exploding giant spore (29 damage)
             ... in the Dungeon (Sprint VI: "Thunderdome").
             The game lasted 00:00:10 (12 turns).

hexophile the Ruffian (Ghoul Monk)                    Turns: 12, Time: 00:00:10

Health: -10/19     AC:  2    Str: 14    XL:     1   Next: 0%
Magic:  0/0        EV: 12    Int:  5    God:
Gold:   200        SH:  0    Dex: 11    Spells: 0 memorised, 0 levels left

rFire  . . .     SeeInvis .       - Unarmed
rCold  + . .     Clarity  .     a - +0 robe
rNeg   + + +     SustAt   .     (no shield)
rPois  ∞         Gourm    .     (no helmet)
rElec  .         Spirit   .     (no cloak)
rCorr  .         Warding  .     (no gloves)
rMut   .         NoTele   +     (no boots)
MR     .....                    (no amulet)
Stlth  ++........               (no ring)
                                (no ring)

@: rotting, not resistant to hostile enchantments, unstealthy
A: rotting body, claws 1, carnivore 3, cold resistance 1, negative energy
resistance 3, slow regeneration 1, torment resistance, unbreathing
a: no special abilities


You were in the Dungeon.
You were not hungry.

You visited 1 branch You collected 200 gold pieces.


Innate Abilities, Weirdness & Mutations

Your body is rotting away.
You thrive on raw meat.
You are immune to poison.
You have sharp fingernails.
You are carnivorous and can eat meat at any time.
Your flesh is cold resistant.
You are immune to negative energy.
You regenerate slowly when monsters are visible.
You are immune to unholy pain and torment.
You can survive without breathing.

Inventory:

Armour
 a - a +0 robe (worn)
Wands
 j - a wand of cold (5)
 k - a wand of fire (5)
Scrolls
 h - 4 scrolls of blinking
 l - 3 scrolls of fog
Potions
 c - a potion of curing
 d - 4 potions of heal wounds
 e - 4 potions of haste
 f - 2 potions of magic
 g - a potion of berserk rage
 i - a potion of resistance {rF+ rC+ rPois rElec rCorr}
Comestibles
 b - a meat ration


You couldn't memorise any spells.
You didn't know any spells.


   Skills:
 - Level 3.2 Fighting
 - Level 2.6 Dodging
 - Level 2.1 Stealth
 + Level 4.3 Unarmed Combat

Dungeon Overview and Level Annotations

Branches:
Dungeon (1/1)

Altars:
Gozag
Okawaru
Trog
Yredelemnul
The Shining One
Jiyva

Shops:
D *[%?

Vault maps used:
D:        arena_sprint
You       could see 2 active ballistomycetes.


Message History

A fungus suddenly grows.
The explosion of spores engulfs the ballistomycete.
A fungus suddenly grows.
The explosion of spores engulfs the giant spore.
The giant spore explodes!
A fungus suddenly grows.
The explosion of spores engulfs the giant spore.
The giant spore explodes!
The explosion of spores engulfs the ballistomycete.
The explosion of spores engulfs the giant spore.
The giant spore explodes!
A fungus suddenly grows.
The explosion of spores engulfs the ballistomycete. x6
A fungus suddenly grows.
The explosion of spores engulfs the ballistomycete.
A fungus suddenly grows.
The explosion of spores engulfs the ballistomycete. x4
The explosion of spores engulfs the active ballistomycete.
The explosion of spores engulfs the ballistomycete. x2
A fungus suddenly grows.
The explosion of spores engulfs the ballistomycete. x2
The explosion of spores engulfs the giant spore.
The giant spore explodes!
A fungus suddenly grows.
The explosion of spores engulfs the active ballistomycete.
The explosion of spores engulfs the ballistomycete. x4
A fungus suddenly grows.
The explosion of spores engulfs the ballistomycete. x2
A fungus suddenly grows.
The explosion of spores engulfs the ballistomycete. x4
The explosion of spores engulfs the active ballistomycete.
The explosion of spores engulfs the ballistomycete. x6
The explosion of spores engulfs the active ballistomycete.
The explosion of spores engulfs the ballistomycete. x8
The explosion of spores engulfs the active ballistomycete.
The explosion of spores engulfs the ballistomycete. x2
The explosion of spores engulfs the active ballistomycete.
The explosion of spores engulfs the ballistomycete. x6
The explosion of spores engulfs the active ballistomycete.
The explosion of spores engulfs the ballistomycete. x9
The explosion of spores engulfs the active ballistomycete.
The explosion of spores engulfs the ballistomycete.
The giant spore waves its rhizomes.
The giant spore explodes!
The explosion of spores engulfs the ballistomycete.
A fungus suddenly grows.
The explosion of spores engulfs the ballistomycete.
The explosion of spores engulfs you!
Ouch! That really hurt!
You die...

Notes
Turn   | Place    | Note
--------------------------------------------------------------
     0 | D        | hexophile the Ghoul Monk began the quest for the Orb.
     0 | D        | Reached XP level 1. HP: 19/19 MP: 0/0
     3 | D        | Found a basalt altar of Yredelemnul.
     4 | D        | Found an iron altar of Okawaru.
     5 | D        | Found a glowing golden altar of the Shining One.
     5 | D        | Found an opulent altar of Gozag.
     5 | D        | Round 1.
     6 | D        | Found Vesh's Bee Food.
     6 | D        | Found a bloodstained altar of Trog.
     6 | D        | Found a viscous altar of Jiyva.
     6 | D        | Found Faagy's Identification Station.
     7 | D        | Found Cemej's Jewellery.
     7 | D        | Found Ugyduryck's Advanced Armour.
    12 | D        | Killed by an exploding giant spore

Table legend:
 A = Turns spent in this place as a percentage of turns spent in the entire game.
 B = Non-inter-level travel turns spent in this place as a percentage of non-inter-level travel turns spent in the entire game.
 C = Inter-level travel turns spent in this place as a percentage of turns spent in this place.
 D = Turns resting spent in this place as a percentage of non-inter-level travel turns spent in this place.
 E = Turns spent auto-exploring this place as a percentage of non-inter-level travel turns spent in this place.
 F = Non-inter-level travel turns spent in this place divided by the number of levels of this place that you've seen.
                   A       B       C       D       E      F
               +-------+-------+-------+-------+-------+----------------------
         Total | 100.0 | 100.0 |   0.0 |   0.0 |   0.0 |  13.0
       Dungeon | 100.0 | 100.0 |   0.0 |   0.0 |   0.0 |  13.0
               +-------+-------+-------+-------+-------+----------------------

Vanquished Creatures (others)
  42 giant spores (D)
42 creatures vanquished.
